 Dungeon Crawl Stone Soup version 0.31.0-11-ge490571c62 (webtiles) character file.

Game seed: 17436639012534197366

44 Gadfly the Insei (level 3, -3/29 HPs)
             Began as a Demonspawn Monk on Feb 2, 2024.
             Slain by Terence
             ... wielding a +0 hand axe
              (6 damage)
             ... on level 2 of the Dungeon.
             The game lasted 00:01:05 (883 turns).

Gadfly the Insei (Demonspawn Monk)                   Turns: 883, Time: 00:01:05

Health: -3/29      AC:  3    Str: 13    XL:     3   Next: 41%
Magic:  4/4        EV: 13    Int: 10    God:
Gold:   80         SH:  5    Dex: 15    Spells: 2/2 levels left

rFire   . .          .
                       - Unarmed
rCold   . . .        c - orb {light}
rNeg    . . .        a - +1 robe
rPois   .            (helmet restricted)
rElec   .            (no cloak)
rCorr   .            (no gloves)
SInv    .            (no boots)
Will    .....        d - amulet of reflection
Stlth   +            (no ring)
HPRegen 0.24/turn    (no ring)
MPRegen 0.09/turn

%: reflection
@: glowing
A: horns 1
a: no special abilities


You were on level 2 of the Dungeon.
You visited 1 branch of the dungeon, and saw 2 of its levels.

You collected 80 gold pieces.

Inventory:

Armour
 a - a +1 robe (worn)
 c - an orb of light (worn)
Jewellery
 d - an amulet of reflection (around neck)
Scrolls
 e - 2 scrolls of teleportation {unknown}
Potions
 b - 2 potions of ambrosia
 f - 2 potions of might {unknown}
 h - a potion of degeneration {unknown}
 i - a potion of attraction {unknown}
 j - a potion of heal wounds {unknown}
 n - a potion of curing {unknown}


   Skills:
 - Level 3.0 Fighting
 + Level 2.9 Dodging
 * Level 3.2 Unarmed Combat
 * Level 1.9 Invocations
 * Level 1.3 Evocations


You had 2 spell levels left.
You didn't know any spells.
Your spell library was empty.

Dungeon Overview and Level Annotations

Branches:
Dungeon (2/15)

Altars:

Annotations:
D:2 Terence


Innate Abilities, Weirdness & Mutations

You have a pair of small horns on your head.


Message History

Terence hits you but does no damage. The jackal barely misses you.
The jackal closely misses you.
You hit Terence but do no damage.
Terence is heavily wounded.
The jackal closely misses you. x2; Terence closely misses you.
The jackal closely misses you. The jackal bites you.
You hit Terence but do no damage. You headbutt Terence.
Terence is severely wounded.
Terence hits you with a +0 hand axe! The jackal misses you.
The jackal bites you but does no damage.
You are too injured to fight recklessly!
You are too injured to fight recklessly!
You are too injured to fight recklessly!
You are too injured to fight recklessly!
You are too injured to fight recklessly!
You are too injured to fight recklessly!
You are too injured to fight recklessly!
You are too injured to fight recklessly!
You are too injured to fight recklessly!
You are too injured to fight recklessly!
You are too injured to fight recklessly!
You are too injured to fight recklessly!
You are too injured to fight recklessly!
You are too injured to fight recklessly!
You are too injured to fight recklessly!
Unknown command.
You hit Terence but do no damage.
Terence is severely wounded.
The jackal closely misses you. Terence closely misses you.
The jackal bites you.
* * * LOW HITPOINT WARNING * * *
You hit Terence.
Terence is almost dead.
The jackal closely misses you. x2; Terence hits you with a +0 hand axe.
* * * LOW HITPOINT WARNING * * *
The jackal barely misses you. The jackal closely misses you.
Unknown command.
Terence hits you with a +0 hand axe.
You die...
Terence says, "Rest in peace."

#)..# +...+
#..)# #...#
#...# #...#
### #...#
...# #...#
.....
#..@#...)..
+...@g...$.
#.hh#......
#...##.....
#.... #...#
#....# ####
####.# .#
.#


You could see Terence, 2 jackals and a hobgoblin.

Vanquished Creatures
  An adder (D:2)
  4 ball pythons (D:1)
  3 bats (D:1)
  2 endoplasms
  A giant cockroach (D:1)
  5 goblins
  7 hobgoblins
  A frilled lizard (D:1)
  6 kobolds
  A rat (D:1)
31 creatures vanquished.

Notes
Turn   | Place    | Note
-------+----------+-------------------------------------------
     0 | D:1      | Gadfly the Demonspawn Monk began the quest for the Orb.
     0 | D:1      | Reached XP level 1. HP: 18/18 MP: 1/1
   108 | D:1      | Reached skill level 1 in Invocations
   113 | D:1      | Gained mutation: You have a pair of small horns on your
                  | head. [demonic ancestry]
   113 | D:1      | Reached XP level 2. HP: 17/24 MP: 2/2
   261 | D:1      | Reached skill level 1 in Evocations
   759 | D:2      | Reached XP level 3. HP: 29/29 MP: 4/4
   863 | D:2      | Noticed Terence
   883 | D:2      | Slain by Terence

Illustrated notes

Levels and vault maps discovered:
D:1:      minmay_arrival_wavy_path, layout_rooms
D:2:      kennysheep_six_static_rooms, layout_loops_ring, minmay_circle_x,
          uniq_natasha, uniq_terence

Skill      XL: |  1  2 |
---------------+-------+-----
Invocations    | 1 |  1.9
Unarmed Combat | 3 |  3.2
Evocations     | 1 |  1.3
Fighting       | |  3.0
Dodging        | |  2.9

Action                     || total
---------------------------++-------
  Melee: Unarmed           ||    94
         Headbutt          ||    16
    Use: Scroll            ||     6
 Armour: Robe              ||    48
  Dodge: Dodged            ||   111
